 Dungeon Crawl Stone Soup version 0.25.0-9-g26727b657a (webtiles) character file.

Game seed: 6130053344760553188

199609 EWolf27 the Imperceptible (level 17, -2/89 HPs)
             Began as a Vampire Enchanter on June 15, 2020.
             Was the Champion of Kikubaaqudgha.
             Slain by an Executioner (19 damage)
             ... on level 2 of the Abyss on June 17, 2020.
             The game lasted 06:26:21 (56253 turns).

EWolf27 the Imperceptible (Vampire Enchanter)      Turns: 56253, Time: 06:26:21

Health: -2/89      AC: 17    Str: 10 (11) XL:     17   Next: 85%
Magic:  32/32      EV: 18    Int: 20      God:    Kikubaaqudgha [******]
Gold:   3924       SH:  5    Dex: 13      Spells: 4/32 levels left

rFire    . . .     SeeInvis +   a - +5 dagger (pain)
rCold    . . .     Gourm    .   I - +0 buckler
rNeg     . . .     Faith    .   z - +3 swamp dragon scales
rPois    +         Spirit   .   J - +2 helmet of Thoughtfulness {+Blink rPois Stlth+}
rElec    +         Reflect  .   P - +0 cloak
rCorr    .         Harm     .   p - +0 pair of gloves "Ceilag" {rElec}
MR       +....     Rnd*Rage +   N - +0 pair of boots
Stlth    ++++++++..             g - amulet of the acrobat
HPRegen  0.44/turn              f - ring of magical power
MPRegen  0.23/turn              y - +6 ring of strength

@: about to teleport, berserk cooldown, very slightly contaminated, regenerating
quickly, slowed, very slow
A: no food, fangs 3, see invisible, [berserk 3], [clumsy 2], [deterioration 2],
[frail 3], [low mp 2], [screaming 2], [weak 2], unbreathing
}: 1/15 runes: decaying
a: Exsanguinate, Receive Corpses, Torment, Renounce Religion, Evoke Blink


You were on level 2 of the Abyss.
You worshipped Kikubaaqudgha.
Kikubaaqudgha was exalted by your worship.
You were alive.

You visited 8 branches of the dungeon, and saw 33 of its levels.
You visited the Abyss 1 time.

You collected 6407 gold pieces.
You spent 2483 gold pieces at shops.

Inventory:

Hand Weapons
 a - a +5 dagger of pain (weapon)
 b - a +2 vampiric dagger
 c - the +8 demon blade of Blind Justice {vamp, Dex+4}
   (You found it on level 1 of the Snake Pit)

   It inflicts no extra harm, but heals its wielder when it wounds a living foe.
   It affects your dexterity (+4).
Missiles
 C - 9 silver boomerangs (quivered)
Armour
 p - the +0 pair of gloves "Ceilag" (worn) {rElec}
   (You found it on level 2 of the Swamp)

   It insulates you from electricity.
 z - +3 swamp dragon scales (worn)
 I - a +0 buckler (worn)
 J - the +2 helmet of Thoughtfulness (worn) {+Blink rPois Stlth+}
   (You found it on level 15 of the Dungeon)

   It protects you from poison.
   It lets you blink.
   It makes you more stealthy.
 N - a +0 pair of boots (worn)
 P - a +0 cloak (worn)
Jewellery
 f - a ring of magical power (left hand)
 g - an amulet of the acrobat (around neck)
 q - an uncursed ring of protection from cold
 r - an uncursed ring of wizardry
 y - a +6 ring of strength (right hand)
 V - an uncursed ring of protection from fire
Wands
 l - a wand of paralysis (18)
 w - a wand of acid (10)
 B - a wand of flame (38)
 D - a wand of polymorph (55)
 H - a wand of digging (2)
 L - a wand of iceblast (42)
 M - a wand of disintegration (15)
Scrolls
 e - a scroll of identify
 j - 9 scrolls of teleportation
 m - 2 scrolls of holy word
 s - 16 scrolls of remove curse
 u - 3 scrolls of fear
 v - a scroll of enchant weapon
 A - 2 scrolls of blinking
 E - 2 scrolls of enchant armour
 F - 2 scrolls of silence
 Q - 3 scrolls of fog
Potions
 d - 11 potions of flight
 h - 2 potions of invisibility
 i - 5 potions of stabbing
 k - 4 potions of brilliance
 n - 2 potions of ambrosia
 o - 2 potions of haste
 t - 7 potions of mutation
 x - 2 potions of berserk rage
 G - 6 potions of might
 K - 9 potions of curing
 O - 4 potions of magic
 R - a potion of resistance


   Skills:
 - Level 10.0 Fighting
 - Level 10.0(11.0) Short Blades
 + Level 6.9(9.1) Long Blades
 - Level 4.0 Armour
 - Level 16.0 Dodging
 + Level 21.4 Stealth
 - Level 4.0 Shields
 - Level 8.0 Spellcasting
 - Level 16.0 Hexes
 - Level 15.0 Necromancy
 - Level 5.0 Ice Magic
 - Level 5.0 Evocations


You had 4 spell levels left.
You knew the following spells:

 Your Spells              Type           Power        Failure   Level  Hunger
a - Corona                Hex            ######.      1%          1    N/A
b - Ensorcelled Hibernat  Hex/Ice        ######       1%          2    N/A
c - Confusing Touch       Hex            ######..     1%          3    N/A
d - Tukima's Dance        Hex            ######..     1%          3    N/A
e - Vampiric Draining     Necr           ######....   1%          3    N/A
f - Animate Dead          Necr           N/A          1%          4    N/A
g - Agony                 Necr           ######..     1%          5    N/A
h - Simulacrum            Ice/Necr       #####.....   45%         6    N/A
i - Pain                  Necr           ####         1%          1    N/A

Your spell library contained the following spells:

 Spells                   Type           Power        Failure   Level  Hunger
 Animate Skeleton         Necr           N/A          1%          1    N/A
 Corpse Rot               Necr/Air       N/A          1%          2    N/A
 Slow                     Hex            ######..     1%          2    N/A
 Sublimation of Blood     Necr           ######....   1%          2    N/A
 Cause Fear               Hex            ######....   1%          4    N/A
 Dispel Undead            Necr           ######..     1%          4    N/A
 Dazzling Flash           Conj/Hex       #####.       2%          3    N/A
 Inner Flame              Hex/Fire       #####...     2%          3    N/A
 Portal Projectile        Hex/Tloc       #####.       2%          3    N/A
 Spectral Weapon          Hex/Chrm       #####...     2%          3    N/A
 Summon Guardian Golem    Hex/Summ       #####...     2%          3    N/A
 Leda's Liquefaction      Hex/Erth       #####.....   8%          4    N/A
 Apportation              Tloc           #.....       21%         1    N/A
 Beastly Appendage        Tmut           #.....       21%         1    N/A
 Foxfire                  Conj/Fire      #...         21%         1    N/A
 Infusion                 Chrm           #...         21%         1    N/A
 Sandblast                Erth           #.....       21%         1    N/A
 Summon Small Mammal      Summ           #...         21%         1    N/A
 Ozocubu's Armour         Chrm/Ice       ###.....     22%         3    N/A
 Call Imp                 Summ           #.......     30%         2    N/A
 Passwall                 Tmut/Erth      #.......     30%         2    N/A
 Shroud of Golubria       Chrm/Tloc      #.....       30%         2    N/A
 Song of Slaying          Chrm           #.......     30%         2    N/A
 Call Canine Familiar     Summ           #.......     52%         3    N/A
 Ignite Poison            Fire/Tmut/Pois #.......     52%         3    N/A
 Stone Arrow              Conj/Erth      #.....       52%         3    N/A
 Summon Ice Beast         Ice/Summ       ###.....     58%         4    N/A
 Petrify                  Tmut/Erth      #.......     90%         4    N/A
 Summon Lightning Spire   Summ/Air       #.......     90%         4    N/A
 Death Channel            Necr           ######....   7%          6    N/A
 Silence                  Hex/Air        #####.....   22%         5    N/A
 Yara's Violent Unravell  Hex/Tmut       #####.....   22%         5    N/A
 Borgnjor's Vile Clutch   Necr/Erth      #####.....   26%         5    N/A
 Discord                  Hex            ######....   88%         8    N/A
 Infestation              Necr           ######....   96%         8    N/A
 Blade Hands              Tmut           #.........   99%         5    N/A
 Bolt of Magma            Conj/Fire/Erth #.........   99%         5    N/A
 Fireball                 Conj/Fire      #.........   99%         5    N/A
 Irradiate                Conj/Tmut      #.........   99%         5    N/A
 Iskenderun's Battlesphe  Conj/Chrm      #.......     99%         5    N/A
 Lee's Rapid Deconstruct  Erth           #.........   99%         5    N/A
 Iron Shot                Conj/Erth      #.........   100%        6    N/A
 Haunt                    Necr/Summ      #####.....   100%        7    N/A
 Orb of Destruction       Conj           #.........   100%        7    N/A
 Spellforged Servitor     Conj/Summ      #.........   100%        7    N/A
 Borgnjor's Revivificati  Necr           Unusable     N/A         8    N/A
 Death's Door             Chrm/Necr      Unusable     N/A         8    N/A
 Necromutation            Tmut/Necr      Unusable     N/A         8    N/A

Dungeon Overview and Level Annotations

Branches:
Dungeon (15/15)            Temple (1/1) D:6            Lair (6/6) D:10
  Swamp (4/4) Lair:4        Snake (3/4) Lair:4        Slime (0/5) Lair:6
    Orc (2/2) D:9             Elf (0/3) Orc:2        Vaults (1/5) D:14
 Depths (1/5) D:15

Altars:
Ashenzari
Cheibriados
Dithmenos
Elyvilon
Fedhas
Gozag
Hepliaklqana
Kikubaaqudgha
Makhleb
Nemelex Xobeh
Okawaru
Qazlal
Ru
Sif Muna
Trog
Uskayaw
Vehumet
Wu Jian
Xom
Yredelemnul
Zin
The Shining One
Beogh

Shops:
D:6 (   D:13 :   Orc:2 **}[   Snake:2 (   Vaults:1 ?

Portals:
Pandemonium: Orc:2 Depths:1

Annotations:
D:11 two priests need fly in sif muna back room
D:13 exclusion: downstairs
Snake:3 Vashnia


Innate Abilities, Weirdness & Mutations

You do not eat.
Your natural rate of healing is unusually fast.
You have razor-sharp teeth.
You have supernaturally acute eyesight. (SInv)
You can survive without breathing.
[You have an uncontrollable temper.]
[You are very clumsy. (Dex -4)]
[Your body often deteriorates upon taking damage.]
[You are extremely frail. (-30% HP)]
[Your magical capacity is very low. (-20% MP)]
[You sometimes yell uncontrollably at your foes.]
[You are very weak. (Str -4)]


Message History

The Executioner hits you but does no damage.
The Executioner completely misses you.
The Executioner hits you but does no damage.
The wretched star pulses with an eldritch light!
You feel less energetic. x2
The starspawn tentacle completely misses you.
The Executioner hits you!
* * * LOW HITPOINT WARNING * * *
The Executioner completely misses you. x2
Blink to where?
Press: ? - help, Dir - move target cursor You are very lightly contaminated with residual magic.
As you read the scroll of blinking, it crumbles to dust.
Your hands stop glowing.
As you read the scroll of teleportation, it crumbles to dust.
You feel strangely unstable.
You feel the power of the Abyss delaying your translocation!
The Executioner hits you!!
You die...
Kikubaaqudgha rasps: "You have failed me!
Welcome... death!"

..###.#│...#.#V.?....#
. #....#.X# ..#
..#.....#.
#.§*###...###. . ##
#.###....#..##..# #.
.. ..#.#..# . . . . #
#. # .#.....# . . # #
# ..#.. . . . . . . ..
#1## .# ..#
.....#@#.#. .. .. #.##
### #. . #.# ## # ## #
## . # # * . . . # ##
. .#


You could see a tentacled starspawn, a wretched star and an Executioner (fast).

Vanquished Creatures
  Gastronok (Lair:2)
  Donald (Snake:2)
  A fire giant (Depths:1)
  A nagaraja (Snake:3)
  An azure jelly (Swamp:4)
  Aizul (Snake:3)
  3 very ugly things (Depths:1)
  2 ironheart preservers (Vaults:1)
  A stone giant (Depths:1)
  Nessos (Lair:4)
  An ettin (shapeshifter) (D:15)
  Snorg (D:13)
  An ettin (Depths:1)
  A fire dragon (D:15)
  A yaktaur captain (Vaults:1)
  16 hydras
  Erolcha (D:10)
  Harold (D:7)
  5 naga warriors
  4 ice dragons
  A rakshasa (Vaults:1)
  An ogre mage (Vaults:1)
  3 vault guards
  3 ghost crabs
  5 centaur warriors
  A shambling mangrove (Swamp:1)
  8 alligators
  Erica (Orc:1)
  2 two-headed ogres
  A deep troll shaman (Depths:1)
  5 orc high priests (Orc:2)
  7 shock serpents
  10 naga sharpshooters
  5 deep troll earth magi
  A deep elf knight (Vaults:1)
  Sonja (Lair:5)
  A soul eater (Orc:1)
  A salamander mystic (Snake:2)
  3 deep trolls (Vaults:1)
  A glowing orange brain (D:15)
  2 unseen horrors (D:15)
  4 torturous demonspawn (Orc:2)
  A death drake (shapeshifter) (D:15)
  6 swamp dragons
  Pikel (D:4)
  A spriggan druid (Swamp:4)
  3 wizards
  7 orc knights
  A naga ritualist (Snake:1)
  A wolf spider (Lair:6)
  An ironbrand convoker (Vaults:1)
  2 necromancers (D:14)
  20 ugly things
  2 manticores
  5 orc sorcerers
  9 cyclopes
  3 salamanders
  A mana viper (Snake:3)
  6 naga magi
  2 rust devils (Orc:2)
  2 vault sentinels (Vaults:1)
  A guardian serpent (Lair:6)
  12 elephants
  4 centaur zombies
  19 black mambas
  2 gargoyles
  An orange demon (Orc:2)
  Maggie (D:10)
  16 spiny frogs
  Psyche (D:8)
  2 centaur skeletons
  A rime drake (Lair:5)
  A kobold demonologist (D:15)
  A yaktaur (Vaults:1)
  A rime drake (shapeshifter) (D:15)
  5 freezing wraiths
  4 komodo dragons
  2 red devils (Orc:2)
  A tengu conjurer (D:13)
  5 trolls
  11 tyrant leeches
  10 polar bears
  9 hornets
  A raiju (Lair:6)
  36 slime creatures
  A raiju (shapeshifter) (D:15)
  8 blink frogs
  8 bog bodies
  The ghost of Ogre the Magician, an amateur OpWz (D:4)
  6 hippogriffs
  A tarantella (shapeshifter) (D:15)
  Sigmund (D:2)
  2 redbacks (Lair:6)
  6 spriggans
  A vampire (D:13)
  5 wraiths
  17 humans (D:14)
  A shadow (Swamp:4)
  28 yaks
  3 swamp worm simulacra (Swamp:4)
  6 basilisks
  12 wyverns
  10 vampire mosquitoes
  A neqoxec (Orc:2)
  20 swamp worms
  15 nagas
  3 wargs (Lair:6)
  A soldier ant (D:13)
  11 hydra simulacra (Swamp:4)
  2 acid dragons
  17 insubstantial wisps
  11 hell hounds (Lair:6)
  A soldier ant (shapeshifter) (D:13)
  6 porcupines
  13 water moccasins
  4 sky beasts
  30 orc warriors
  8 black bears
  10 swamp drakes
  6 ice beasts
  14 ogres
  A boggart (D:13)
  The ghost of lun the Slasher, an amateur DrWr (D:3)
  2 phantoms
  15 wolves (Lair:6)
  13 centaurs
  18 crocodiles
  2 big kobolds
  2 wyvern zombies
  15 bullfrogs
  A small abomination (Abyss:2)
  6 scorpions
  A water moccasin skeleton (D:10)
  7 killer bees
  4 wights (D:15)
  2 howler monkeys (D:10)
  8 crimson imps
  A quasit (D:13)
  A bullfrog zombie (D:6)
  3 lava snakes (D:12)
  5 jellies
  9 hounds
  18 orc priests
  4 bullfrog skeletons
  18 orc wizards
  A gnoll shaman (D:5)
  Jessica (D:3)
  6 iguanas
  Terence (D:2)
  12 worker ants
  2 hound zombies
  A hound skeleton (D:9)
  A howler monkey zombie (D:7)
  Robin (D:3)
  A howler monkey skeleton (D:11)
  A worker ant zombie (D:5)
  14 gnolls
  15 adders
  A shadow imp (D:6)
  2 ufetubi
  An ooze (Lair:6)
  5 swamp drake simulacra (Swamp:4)
  An adder zombie (D:6)
  3 worms
  7 leopard geckos
  68 orcs
  A ball python (D:2)
  5 giant cockroaches
  18 goblins
  10 hobgoblins
  16 jackals
  5 quokkas
  11 bats
  3 frilled lizards (D:2)
  2 gnoll zombies (D:7)
  A jackal skeleton (D:6)
  A jackal zombie (D:8)
  17 kobolds
  6 rats
  A briar patch (Swamp:2)
  A plant (Lair:6)
1023 creatures vanquished.

Vanquished Creatures (collateral kills)
  3 thorn hunters
  Roxanne (Swamp:3)
  A nagaraja (Snake:3)
  An ironheart preserver (Vaults:1)
  A rakshasa (D:15)
  A naga warrior (Snake:2)
  A two-headed ogre (Vaults:1)
  A naga sharpshooter (Snake:1)
  A shock serpent (Snake:3)
  A spriggan druid (Swamp:2)
  2 orc sorcerers (Orc:2)
  An ugly thing (Swamp:3)
  A black mamba (Snake:1)
  A spiny frog (Swamp:3)
  2 hornets (Swamp:1)
  4 slime creatures (Swamp:3)
  A dream sheep (Lair:6)
  2 spriggans
  2 shadows
  5 vampire mosquitoes
  6 nagas
  2 wargs
  A hydra simulacrum (Swamp:4)
  5 hell hounds (Lair:6)
  5 black bears (Lair:6)
  2 wolves (Lair:6)
  3 ogres
  A killer bee (D:7)
  2 orc priests (Orc:2)
  2 jellies (Lair:6)
  3 orcs (Orc:2)
65 creatures vanquished.

Vanquished Creatures (others)
  3 vampire mosquitoes (Swamp:4)
  3 slaves (D:4)
  Ijyb (D:4)
  A worker ant (D:4)
  8 fungi
  18 plants
  6 starspawn tentacles (Abyss:2)
40 creatures vanquished.

Grand Total: 1128 creatures vanquished

Notes
Turn   | Place    | Note
-------+----------+-------------------------------------------
     0 | D:1      | EWolf27 the Vampire Enchanter began the quest for the Orb.
     0 | D:1      | Reached XP level 1. HP: 13/13 MP: 3/3
   799 | D:1      | Reached XP level 2. HP: 13/19 MP: 5/5
   806 | D:1      | Reached skill level 5 in Stealth
   822 | D:1      | Reached skill level 5 in Hexes
   864 | D:1      | Learned a level 2 spell: Ensorcelled Hibernation
  1247 | D:2      | You fall into a shaft and drop 2 floors!
  1256 | D:4      | Reached XP level 3. HP: 24/24 MP: 6/6
  1316 | D:3      | Noticed Robin
  1340 | D:2      | Reached skill level 6 in Stealth
  1414 | D:2      | Noticed Terence
  1432 | D:2      | Killed Terence
  1432 | D:2      | Reached XP level 4. HP: 30/30 MP: 7/7
  1972 | D:2      | Noticed Sigmund
  1978 | D:2      | Learned a level 3 spell: Confusing Touch
  2001 | D:2      | Killed Sigmund
  2001 | D:2      | Reached skill level 8 in Stealth
  2001 | D:2      | Reached XP level 5. HP: 27/35 MP: 8/8
  2001 | D:2      | Reached XP level 6. HP: 32/41 MP: 9/9
  2055 | D:2      | Found a sparkling altar of Nemelex Xobeh.
  2320 | D:3      | Killed Robin
  2566 | D:3      | Noticed Jessica
  2588 | D:3      | Killed Jessica
  2669 | D:3      | Learned a level 3 spell: Tukima's Dance
  2891 | D:3      | Found a runed translucent door.
  2891 | D:3      | Noticed lun's ghost (amateur DrWr)
  3224 | D:3      | Reached skill level 9 in Stealth
  4131 | D:4      | Noticed Pikel
  4131 | D:4      | Noticed a slave
  4141 | D:4      | Noticed a slave
  4147 | D:4      | Noticed a slave
  4149 | D:4      | Noticed Ijyb
  4152 | D:4      | Noticed a slave
  4155 | D:4      | Killed Pikel
  4155 | D:4      | Reached skill level 11 in Stealth
  4155 | D:4      | Reached XP level 7. HP: 29/46 MP: 10/10
  4163 | D:4      | Killed Ijyb
  4397 | D:4      | Reached XP level 8. HP: 52/52 MP: 11/11
  4438 | D:4      | Found a sparkling altar of Nemelex Xobeh.
  4548 | D:4      | Found a transporter.
  4554 | D:4      | Found a transporter.
  4595 | D:4      | Identified the +3 spear "Xudis" {venom, *Contam +Rage rPois
                  | Dex+3}
  4609 | D:4      | Noticed Ogre's ghost (amateur OpWz)
  4857 | D:4      | Killed Ogre's ghost
  4857 | D:4      | Reached skill level 12 in Stealth
  5462 | D:5      | Entered Level 5 of the Dungeon
  5670 | D:5      | Reached skill level 5 in Dodging
  5692 | D:5      | Found a bloodstained altar of Trog.
  6436 | D:5      | Found a burning altar of Makhleb.
  6672 | D:3      | Killed lun's ghost
  6905 | D:6      | Found a staircase to the Ecumenical Temple.
  6915 | Temple   | Entered the Ecumenical Temple
  6921 | Temple   | Became a worshipper of Kikubaaqudgha
  7153 | D:6      | Reached skill level 10 in Dodging
  7153 | D:6      | Reached XP level 9. HP: 57/57 MP: 12/12
  7498 | D:6      | Found Gexoqy's Weapon Boutique.
  8148 | D:7      | Reached * piety under Kikubaaqudgha
  8148 | D:7      | Identified Kikubaaqudgha's Papyrus of Necromancy
                  | (Kikubaaqudgha gifted it to you on level 7 of the Dungeon)
  8148 | D:7      | Received a gift from Kikubaaqudgha
  8291 | D:7      | Learned a level 3 spell: Vampiric Draining
  8627 | D:7      | Noticed Harold
  8630 | D:7      | Killed Harold
  8630 | D:7      | Reached XP level 10. HP: 63/63 MP: 16/16
  8895 | D:7      | Found a basalt altar of Yredelemnul.
  8938 | D:8      | Found a white marble altar of Elyvilon.
  9171 | D:8      | Found a shimmering altar of Xom.
  9252 | D:8      | Noticed Psyche
  9270 | D:8      | Killed Psyche
  9376 | D:8      | Found a hazy altar of Hepliaklqana.
  9617 | D:8      | Reached skill level 5 in Spellcasting
  9968 | D:9      | Reached skill level 13 in Stealth
 10303 | D:9      | Reached skill level 1 in Fighting
 10423 | D:9      | Reached skill level 5 in Short Blades
 10438 | D:9      | Reached ** piety under Kikubaaqudgha
 10546 | D:9      | Found a stormy altar of Qazlal.
 11145 | D:9      | Found a staircase to the Orcish Mines.
 11183 | D:10     | Entered Level 10 of the Dungeon
 11233 | D:10     | Noticed Maggie
 11538 | D:10     | Found a staircase to the Lair.
 11696 | D:10     | Reached skill level 14 in Stealth
 12090 | D:10     | Reached skill level 1 in Shields
 12130 | D:10     | Noticed Erolcha
 12140 | D:10     | Killed Erolcha
 12140 | D:10     | Reached XP level 11. HP: 75/75 MP: 18/18
 12244 | D:10     | Noticed a two-headed ogre
 12260 | D:10     | Killed a two-headed ogre
 12261 | D:10     | Reached *** piety under Kikubaaqudgha
 12261 | D:10     | Identified Kikubaaqudgha's Papyrus of Darkness
                  | (Kikubaaqudgha gifted it to you on level 10 of the Dungeon)
 12261 | D:10     | Received a gift from Kikubaaqudgha
 12275 | D:10     | Reached skill level 10 in Hexes
 12341 | D:10     | Learned a level 4 spell: Animate Dead
 13294 | D:10     | Killed Maggie
 14129 | D:11     | Noticed a green ugly thing
 14158 | D:11     | Killed a green ugly thing
 14384 | D:11     | Noticed a four-headed hydra
 14388 | D:11     | Killed a four-headed hydra
 14388 | D:11     | Reached **** piety under Kikubaaqudgha
 14421 | D:11     | Found a shimmering blue altar of Sif Muna.
 14476 | D:11     | Noticed a five-headed hydra
 14479 | D:11     | Killed a five-headed hydra
 14485 | D:11     | You fall into a shaft and drop 3 floors!
 14536 | D:14     | Reached XP level 12. HP: 74/81 MP: 19/19
 14586 | D:14     | Noticed an eight-headed hydra
 14586 | D:14     | Noticed a seven-headed hydra
 15403 | D:11     | Noticed a two-headed ogre
 15411 | D:11     | Killed a two-headed ogre
 15411 | D:11     | Reached skill level 5 in Ice Magic
 15448 | D:11     | You fall into a shaft and drop 2 floors!
 15898 | D:11     | Identified Sif Muna's Almanac of Necromancy
 16034 | D:12     | Reached skill level 1 in Necromancy
 16414 | D:12     | Reached skill level 10 in Short Blades
 16730 | D:12     | Upgraded the game from 0.25.0-3-gd7cc5688da to
                  | 0.25.0-8-gfd19cd77bd
 16991 | D:13     | Reached ***** piety under Kikubaaqudgha
 17159 | D:13     | Reached skill level 1 in Armour
 17207 | D:13     | Noticed a centaur warrior
 17207 | D:13     | Noticed a seven-headed hydra
 17355 | D:13     | Killed a seven-headed hydra
 17478 | D:13     | Killed a centaur warrior
 17530 | D:13     | Found Uwedd's Book Boutique.
 17534 | D:13     | Reached skill level 15 in Stealth
 17534 | D:13     | Reached skill level 5 in Necromancy
 17855 | D:13     | Noticed Snorg
 17861 | D:13     | Killed Snorg
 17938 | D:14     | Noticed an eight-headed hydra
 18485 | D:14     | Reached XP level 13. HP: 88/88 MP: 20/20
 18711 | D:14     | Paralysed by a wizard for 6 turns
 18740 | D:14     | Paralysed by a wizard for 2 turns
 19572 | D:14     | Reached skill level 16 in Stealth
 20154 | D:14     | Reached skill level 17 in Stealth
 20626 | D:14     | Found a gate to the Vaults.
 20775 | D:15     | Entered Level 15 of the Dungeon
 21044 | Lair:1   | Entered Level 1 of the Lair of Beasts
 21129 | Lair:1   | You fall into a shaft and drop 1 floor!
 21130 | Lair:2   | Noticed Gastronok
 21175 | Lair:2   | Killed Gastronok
 21253 | Lair:2   | Reached skill level 18 in Stealth
 21382 | Lair:2   | You fall into a shaft and drop 2 floors!
 21403 | Lair:4   | Noticed Nessos
 21417 | Lair:4   | Killed Nessos
 22310 | Lair:1   | Reached skill level 5 in Fighting
 22734 | Lair:2   | Reached XP level 14. HP: 98/98 MP: 21/21
 23392 | Lair:1   | Identified a scroll of acquirement
 24651 | Lair:4   | Found a staircase to the Swamp.
 24694 | Swamp:1  | Entered Level 1 of the Swamp
 24778 | Lair:4   | Reached skill level 15 in Hexes
 25163 | Lair:4   | Found a staircase to the Snake Pit.
 25179 | Snake:1  | Entered Level 1 of the Snake Pit
 25683 | Lair:5   | Learned a level 5 spell: Agony
 26062 | Lair:5   | Noticed Sonja
 26069 | Lair:5   | Killed Sonja
 26228 | Lair:6   | Entered Level 6 of the Lair of Beasts
 27250 | Lair:6   | Reached ****** piety under Kikubaaqudgha
 27668 | Lair:6   | Found a staircase to the Slime Pits.
 28143 | Lair:6   | Reached skill level 10 in Necromancy
 29312 | Lair:6   | Found the +7 great mace "Firestarter" {inner flame, rF++}
 30159 | D:13     | Bought Sif Muna's Disquisition on Unholy Flames for 1068
                  | gold pieces
 30159 | D:13     | Bought a book of Power for 675 gold pieces
 30288 | Orc:1    | Entered Level 1 of the Orcish Mines
 30293 | Orc:1    | Reached XP level 15. HP: 110/110 MP: 24/24
 30302 | Orc:1    | Noticed Erica
 30331 | Orc:1    | Killed Erica
 30479 | Orc:1    | Found an iron altar of Okawaru.
 30620 | Orc:2    | Entered Level 2 of the Orcish Mines
 31307 | Orc:2    | Found a staircase to the Elven Halls.
 31384 | Orc:2    | Found Cuxkifec's General Store.
 31385 | Orc:2    | Found Jaowai's General Store.
 32362 | Orc:2    | Bought a potion of heal wounds for 55 gold pieces
 33944 | Swamp:1  | Learned a level 6 spell: Simulacrum
 34844 | Swamp:1  | HP: 4/113 [eight-headed hydra (6)]
 35302 | Swamp:2  | Got a pair of translucent gloves
 35503 | Swamp:2  | Identified the +0 pair of gloves "Ceilag" {rElec} (You
                  | found it on level 2 of the Swamp)
 35539 | Swamp:2  | Reached skill level 1 in Evocations
 35818 | Swamp:2  | Received a gift from Kikubaaqudgha
 36200 | Swamp:3  | Noticed Roxanne
 36206 | Swamp:3  | Noticed a thorn hunter
 36233 | Swamp:3  | Killed a thorn hunter
 36458 | Swamp:3  | Noticed a thorn hunter
 36706 | Swamp:3  | Learned a level 1 spell: Pain
 38201 | Orc:2    | Reached skill level 10 in Fighting
 38580 | Orc:2    | Reached XP level 16. HP: 107/122 MP: 28/28
 38740 | Orc:2    | Found Fompuchi's Antique Armour Shoppe.
 38740 | Orc:2    | Found Atugeowuu's Gadget Emporium.
 38741 | Orc:2    | Found a one-way gate leading to the halls of Pandemonium.
 38749 | Orc:2    | Bought a crude helmet for 275 gold pieces
 38749 | Orc:2    | Identified the +0 helmet of the Dropbear {Int+3} (You
                  | bought it in a shop on level 2 of the Orcish Mines)
 38855 | Orc:1    | Found a roughly hewn altar of Beogh.
 39215 | Snake:1  | Reached skill level 5 in Evocations
 40041 | D:15     | Identified the +2 helmet of Thoughtfulness {+Blink rPois
                  | Stlth+} (You found it on level 15 of the Dungeon)
 40682 | D:15     | Reached skill level 15 in Dodging
 40695 | D:15     | Found a staircase to the Depths.
 40882 | D:15     | Noticed a storm dragon
 41435 | Depths:1 | Entered Level 1 of the Depths
 42074 | Depths:1 | Reached skill level 19 in Stealth
 43093 | Snake:1  | HP: 4/118 [naga warrior/+2 flail of protection (16)]
 44558 | Snake:1  | Got a dazzling demon blade
 44559 | Snake:1  | Identified the +8 demon blade of Blind Justice {vamp,
                  | Dex+4} (You found it on level 1 of the Snake Pit)
 45124 | Snake:2  | You fall into a shaft and drop 1 floor!
 45127 | Snake:3  | Noticed Vashnia
 45196 | Snake:3  | Noticed Aizul
 45227 | Snake:3  | Reached skill level 1 in Long Blades
 45242 | Snake:3  | Identified Byrreibb's Handbook of the Unstable Volcanoes
 45420 | Snake:3  | Killed Aizul
 45929 | Snake:3  | Reached XP level 17. HP: 116/128 MP: 29/29
 46127 | Snake:3  | Reached skill level 20 in Stealth
 46310 | Snake:3  | HP: 6/128 [poisoned by a naga ritualist (toxic radiance)]
 46315 | Snake:3  | HP: 6/128 [poisoned by a naga ritualist (toxic radiance)]
 46320 | Snake:3  | HP: 6/128 [poisoned by a naga ritualist (toxic radiance)]
 46784 | Snake:3  | Noticed Donald
 46807 | Snake:2  | Killed Donald
 47175 | Snake:2  | Found Suareeff's Weapon Boutique.
 48912 | Swamp:4  | Entered Level 4 of the Swamp
 48998 | Swamp:3  | Killed Roxanne
 49435 | Swamp:4  | Upgraded the game from 0.25.0-8-gfd19cd77bd to
                  | 0.25.0-9-g26727b657a
 50835 | Swamp:2  | Reached skill level 5 in Long Blades
 53421 | Swamp:4  | Reached skill level 21 in Stealth
 54047 | Swamp:4  | Got a decaying rune of Zot
 54579 | Vaults:1 | Entered Level 1 of the Vaults
 54742 | Vaults:1 | Found Suxzis's Magic Scroll Emporium.
 54754 | Vaults:1 | Bought a scroll of teleportation for 60 gold pieces
 54754 | Vaults:1 | Bought a scroll of teleportation for 60 gold pieces
 54754 | Vaults:1 | Bought a scroll of identify for 40 gold pieces
 54754 | Vaults:1 | Bought a scroll of identify for 40 gold pieces
 54754 | Vaults:1 | Bought a scroll of teleportation for 60 gold pieces
 54754 | Vaults:1 | Bought a scroll of blinking for 150 gold pieces
 55190 | Vaults:1 | Reached skill level 15 in Necromancy
 55621 | Vaults:1 | Noticed an Ice Fiend
 55901 | Vaults:1 | Cast into level 2 of the Abyss (a deep elf demonologist)
 56253 | Abyss:2  | Slain by an Executioner

Illustrated notes

Levels and vault maps discovered:
D:1:      beargit_arrival_greenhouse, layout_basic, minmay_small_reverse_x
D:2:      minmay_skewed_foursquare, layout_rooms, lemuel_crystal_altar,
          minmay_split_cup_large, uniq_sigmund, uniq_terence
D:3:      kennysheep_big_flooded_room, layout_basic, gammafunk_ghost_grave,
          serial_glass, glass_columns_b, glass_columns_b, glass_columns_a,
          glass_columns_a, uniq_robin, uniq_jessica
D:4:      layout_loops_ring, first_ration, gammafunk_ghost_gnarly_gnolls,
          nemelex_diamond_rough_becter, uniq_ijyb, uniq_pikel
D:5:      layout_gridville, makhleb_grotto_becter, trog_three_pillars_becter
D:6:      layout_loops_ring, minmay_temple_entry_poolview, serial_shops,
          kennysheep_mini_moat, bh_chokoban
D:7:      layout_basic, lemuel_zombie_altar_yredelemnul, nrook_uturn,
          corexii_corridor_pit, the_bakery, uniq_harold
D:8:      layout_basic, overflow_temple_1_default, lemuel_doored_altar,
          xom_butterflies, uniq_psyche
D:9:      layout_long_grid, nicolae_qazlal_general_emergency, david_orc_4
D:10:     layout_gridville, grunt_lair_entry_orc_guard_hut, uniq_erolcha,
          uniq_maggie
D:11:     layout_loops_cross, led_sif_book
D:12:     layout_basic, kennysheep_cluttered_room
D:13:     layout_irregular_city, serial_shops, nicolae_shop_stone,
          minmay_shattered_shrine, uniq_snorg
D:14:     layout_roguey, grunt_vaults_entry_tiered, solitary_fountain,
          minmay_checkerbox
D:15:     gammafunk_enter_depths_forms, layout_basic, serial_bayou_shore_b
Temple:   nicolae_temple_no_exploring_needed
Lair:1:   layout_hall_layers, gauntlet_entry_generic, lemuel_old_faithful
Lair:2:   layout_loops_ring, chequers_serial_rivers_large_b,
          chequers_serial_rivers_micro_a, serial_bayou_shore_a, uniq_gastronok
Lair:3:   layout_cave_pods, worms_lemuel
Lair:4:   layout_long_grid, minmay_swamp_entry_reptiles, dummy_snake_entry,
          uniq_nessos
Lair:5:   layout_long_grid, beast_lair_carwin_7, uniq_sonja
Lair:6:   hangedman_lair_caniforms_friends, layout_cave_shapes,
          hangedman_lair_tendril_chambers, nicolae_slime_entry_slimehenge
Swamp:1:  layout_basic_swamp, hangedman_swamp_blocks
Swamp:2:  layout_basic_swamp, evilmike_swamp_ruin_house_2
Swamp:3:  layout_falls_marsh, evilmike_swamp_ruin_house_1, swamp_pool2,
          uniq_roxanne
Swamp:4:  swamp_icy, layout_basic_swamp, infiniplex_staircase_pool
Snake:1:  layout_rooms
Snake:2:  layout_misc_corridors, serial_shops, nicolae_shop_behind_doors,
          grunt_megastairs_2
Snake:3:  nicolae_cobra_stairs, layout_gridlike, uniq_aizul, uniq_vashnia,
          uniq_donald
Orc:1:    layout_caves, basic_altar, okawaru_metal_pillars_1_2, uniq_erica
Orc:2:    pf_orc_diabolical, layout_diamond_mine
Vaults:1: nicolae_vaults_theta, nicolae_vaults_shelves_hall,
          hangedman_vaults_capsules, v_rooms_2, hangedman_vaults_maws,
          nicolae_vaults_quartermaster, nicolae_vaults_yaktaur_gun_rack,
          vaults_dpeg_cross, serial_ice_g, nicolae_vaults_gold_heap,
          layout_vaults_chaotic_city, serial_shops, nicolae_shop_waterfront
Depths:1: minmay_the_grid_net [minmay_the_grid_box_x,
          minmay_the_grid_outer_circle, minmay_the_grid_square_x,
          minmay_the_grid_dragon_a, minmay_the_grid_minigrid_large,
          minmay_the_grid_prize_big_room], layout_cave_shapes, lightli_too_deep,
          dk_noncrumbling_2, rand_demon_pan_entry_7, uniq_saint_roka
Abyss:2:  base: D:12, evilmike_abyss_exit_smiterflies, minivault_20,
          minivault_24

Skill      XL: |  1  2  3  4  5  6  7  8  9 10 11 12 13 14 15 16 17 |
---------------+----------------------------------------------------+-----
Stealth        | 5 6 8 11 12 14 15 18 19 21 | 21.4
Hexes          | 5 6 7 8 9 12 14 16 | 16.0
Ice Magic      | 3 5 |  5.0
Dodging        | 10 14 16 | 16.0
Short Blades   | 3 6 8 10 | 10.0
Spellcasting   | 4 5 6 8 |  8.0
Fighting       | 3 4 5 8 10 | 10.0
Shields        | 2 4 |  4.0
Necromancy     | 5 8 10 12 13 15 | 15.0
Armour         | 2 4 |  4.0
Evocations     | 4 5 |  5.0
Long Blades    | 2 6 |  6.9

Action                   |  1- 3 |  4- 6 |  7- 9 | 10-12 | 13-15 | 16-18 || total
-------------------------+-------+-------+-------+-------+-------+-------++-------
Melee: Dagger            |   138 |   135 |   255 |   889 |  1846 |  1308 ||  4571
       Bite              |    12 |     9 |    27 |   121 |   254 |   192 ||   615
       Quick blade       |       |       |       |       |    74 |    19 ||    93
Throw: Boomerang         |       |       |     1 |       |    17 |     7 ||    25
 Cast: Ensorcelled Hiber |     3 |    22 |    32 |    87 |   257 |    99 ||   500
       Confusing Touch   |       |     1 |     9 |    25 |    96 |    87 ||   218
       Vampiric Draining |       |       |       |       |    30 |    50 ||    80
       Animate Dead      |       |       |       |       |    18 |    43 ||    61
       Corona            |       |       |       |       |     1 |       ||     1
       Pain              |       |       |       |       |     3 |     7 ||    10
       Agony             |       |       |       |       |     3 |       ||     3
       Tukima's Dance    |       |       |       |       |       |     1 ||     1
Invok: Receive Corpses   |       |       |       |       |    11 |    16 ||    27
       Torment           |       |       |       |       |     1 |       ||     1
       Receive Necronomi |       |       |       |       |     1 |       ||     1
Evoke: Wand              |       |       |     1 |     2 |     9 |    51 ||    63
  Use: Scroll            |       |       |    10 |     8 |    30 |    19 ||    67
       Potion            |       |       |       |     1 |     7 |     4 ||    12
 Stab: Sleeping          |     8 |    15 |    33 |    95 |   160 |    87 ||   398
       Confused          |       |     2 |     6 |    28 |    78 |    67 ||   181
       Distracted        |       |       |       |     1 |    12 |    10 ||    23
       Invisible         |       |       |       |       |       |     4 ||     4
Armor: Robe              |    26 |    29 |    31 |    24 |       |       ||   110
       Ring mail         |       |       |       |     1 |       |       ||     1
       Swamp dragon scal |       |       |       |    90 |   391 |   271 ||   752
Dodge: Dodged            |   123 |   105 |   211 |   622 |  1303 |   832 ||  3196
Block: Buckler           |       |       |       |   102 |   357 |   251 ||   710
